 Dungeon Crawl Stone Soup version 0.20.1-1-g8b1a95d (webtiles) character file.

10586 gobwax the Severer (level 11, -7/82 HPs)
             Began as a Hill Orc Fighter on Aug 12, 2017.
             Was a High Priest of Beogh.
             Hit by a javelin thrown by Urug (20 damage)
             ... on level 11 of the Dungeon.
             The game lasted 00:19:49 (8995 turns).

gobwax the Severer (Hill Orc Fighter)               Turns: 8995, Time: 00:19:50

Health: -7/82      AC: 10    Str: 34    XL:     11   Next: 64%
Magic:  13/13      EV: 11    Int:  7    God:    Beogh [*****.]
Gold:   222        SH:  0    Dex: 12    Spells: 10/10 levels left

rFire    + . .     SeeInvis +   F - +2 battleaxe (holy)
rCold    x . .     Gourm    .   (shield currently unavailable)
rNeg     . . .     Faith    .   d - +0 leather armour "Esoigru" {Regen+ Int-4 Slay+4}
rPois    .         Spirit   .   U - +2 helmet {Int+3}
rElec    +         Reflect  .   i - +1 cloak
rCorr    .         Harm     +   (no gloves)
MR       .....     Clarity  +   (no boots)
Stlth    +.........             q - amulet of harm
Regen    0.7/turn               y - +4 ring of strength
MPRegen  0.2/turn               L - ring "Biujept" {Fire +Inv rElec Str+5}

@: no status effects
A: walk on water, claws 1, iridescent scales 1, see invisible, agile 1, clarity,
strong 1
a: Smiting, Recall Orcish Followers, Give Item to Named Follower, Renounce
Religion, Evoke Invisibility


You were on level 11 of the Dungeon.
You worshipped Beogh.
Beogh was extremely pleased with you.
You were not hungry.

You visited 1 branch of the dungeon, and saw 11 of its levels.

You collected 551 gold pieces.
You spent 329 gold pieces at shops.

Inventory:

Hand Weapons
 a - a +0 war axe
 F - a +2 battleaxe of holy wrath (weapon)
 R - a +0 dire flail
Armour
 b - a +0 scale mail
 c - a +0 shield
 d - the +0 leather armour "Esoigru" (worn) {Regen+ Int-4 Slay+4}
   (You found it on level 5 of the Dungeon)

   It affects your intelligence (-4).
   It affects your accuracy and damage with ranged weapons and melee attacks
   (+4).
   It increases your rate of regeneration.
 i - a +1 cloak (worn)
 s - a +2 hat
 J - the +1 scale mail of the Abyss {MR+++ rCorr Int-3 Dex-4}
   (You found it on level 9 of the Dungeon)

   It affects your intelligence (-3).
   It affects your dexterity (-4).
   It affects your resistance to hostile enchantments.
   It protects you from acid and corrosion.
 U - a +2 helmet of intelligence (worn)
Jewellery
 p - an uncursed ring of protection from magic
 q - an amulet of harm (around neck)
 u - an uncursed ring of magical power
 v - an uncursed amulet of guardian spirit
 y - a +4 ring of strength (left claw)
 L - the ring "Biujept" (right claw) {Fire +Inv rElec Str+5}
   (You found it on level 10 of the Dungeon)

   [ring of fire]

   It enhances your fire magic.
   It affects your strength (+5).
   It protects you from fire.
   It makes you vulnerable to cold.
   It insulates you from electricity.
   It lets you turn invisible.
Wands
 G - a wand of iceblast (8/15)
 I - a wand of iceblast (3/15)
Scrolls
 e - 2 scrolls of teleportation
 g - a scroll of immolation
 h - 10 scrolls of remove curse
 j - 3 scrolls of enchant armour
 n - 2 scrolls of noise
 r - a scroll of random uselessness
 t - a scroll of identify
 w - a scroll of fog {unknown}
 x - a scroll of magic mapping {unknown}
 B - 2 scrolls of amnesia {unknown}
 M - a scroll of torment {unknown}
 O - 2 scrolls of vulnerability {unknown}
 T - a scroll of blinking {unknown}
Potions
 k - 2 potions of agility
 m - 8 potions of curing
 o - a potion of invisibility
 z - a potion of lignification {unknown}
 A - a potion of heal wounds {unknown}
 C - 2 potions of flight {unknown}
 H - a potion of magic {unknown}
 K - 2 potions of might
 P - 2 potions of brilliance {unknown}
Books
 N - a book of Battle

   Spells                             Type                      Level
   a - Infusion                       Charms                       1
   b - Shroud of Golubria             Charms/Translocation         2
   c - Song of Slaying                Charms                       2
   d - Spectral Weapon                Hexes/Charms                 3
   e - Regeneration                   Charms/Necromancy            3
 Q - a book of Changes

   Spells                             Type                      Level
   a - Beastly Appendage              Transmutation                1
   b - Sticks to Snakes               Transmutation                2
   c - Spider Form                    Transmutation/Poison         3
   d - Ice Form                       Ice/Transmutation            4
   e - Blade Hands                    Transmutation                5
Comestibles
 f - 4 bread rations
 l - 8 meat rations
 D - 6 royal jellies
 E - 11 fruits
 S - 2 chunks of flesh


   Skills:
 - Level 3.6 Fighting
 * Level 20.8 Axes
 - Level 3.2 Armour
 - Level 3.2 Shields
 + Level 2.9 Invocations


You had 10 spell levels left.
You didn't know any spells.

Dungeon Overview and Level Annotations

Branches:
Dungeon (11/15)            Temple (0/1) D:5            Lair (0/6) D:11
    Orc: D:9-12

Altars:
Cheibriados
Hepliaklqana
Kikubaaqudgha
Makhleb
Nemelex Xobeh
Trog
Xom

Shops:
D:6 *   D:7 (

Annotations:
D:11 Urug


Innate Abilities, Weirdness & Mutations

You can walk on water.
You have sharp fingernails.
You are partially covered in iridescent scales. (AC +2)
You have supernaturally acute eyesight. (SInv)
You are agile. (Dex +2)
You possess an exceptional clarity of mind.
Your muscles are strong. (Str +2)


Message History

You slash the orc wizard!
Urug hits you with an enchanted broad axe!!
* * * LOW HITPOINT WARNING * * *
Your orc priest calls down the wrath of Beogh upon the orc priest.
The orc priest is smitten.
The orc priest dies!
Beogh accepts your kill.
Beogh appreciates your killing of a heretic priest.
You swap places.
The orc wizard barely misses your orc knight.
Your orc knight hits Urug with a dagger!!
The orc wizard struggles to resist.
Urug throws a javelin.
The javelin hits your orc knight!
You swap places.
Your orc knight no longer looks unusually strong.
The orc wizard points at something and mumbles some strange words.
Urug throws a javelin.
The javelin barely misses your orc knight.
The javelin hits you!
You die...

#.... .).. +... #.... .....
##....####.?...
#...........o)
#...........#### .
#...>..ooo...... ..
#......#(# .[
#......#o######## ##.
#.......@........ ....
#......#'######### ###.
#####................#######.
#....................†††.....
#....................#######.
#....................# #.
#.......##...........# #.
#.......##...........# #.
#......o##...........# #.


You could see Urug, an orc wizard and 2 friendly orc knights.

Vanquished Creatures
  The ghost of KobiteSteele the Covered, a novice HuWn (D:6)
  A komodo dragon (D:11)
  Grinder (D:3)
  A troll (D:9)
  2 dream sheep (D:8)
  2 hippogriffs
  8 yaks
  A hungry ghost (D:7)
  2 sky beasts
  4 orc warriors
  2 ice beasts
  4 centaurs
  5 ogres
  2 necrophages
  4 big kobolds
  5 bullfrogs
  A scorpion (D:6)
  23 killer bees
  3 howler monkeys
  6 crimson imps
  2 jellies
  3 hounds
  A bullfrog skeleton (D:11)
  7 orc priests
  A centaur skeleton (D:6)
  5 iguanas
  12 orc wizards
  7 worker ants
  A hound zombie (D:11)
  4 gnolls (D:6)
  7 adders
  A howler monkey skeleton (D:4)
  2 shadow imps
  An adder zombie (D:5)
  An adder skeleton (D:7)
  2 worms (D:2)
  A dart slug (D:2)
  4 leopard geckos
  26 orcs
  5 bats
  2 giant cockroaches
  4 goblins
  6 hobgoblins
  16 jackals
  A quokka (D:8)
  3 ball pythons
  6 frilled lizards
  A jackal skeleton (D:8)
  10 kobolds
  10 rats
230 creatures vanquished.

Vanquished Creatures (collateral kills)
  2 hydras
  2 two-headed ogres
  2 ugly things (D:11)
  A hornet (D:10)
  3 sky beasts
  An ogre (D:10)
  A killer bee (D:9)
  A howler monkey (D:10)
  2 orc priests (D:11)
  An orc wizard (D:10)
  An iguana (D:9)
  An adder (D:9)
  An orc (D:11)
  A quokka (D:7)
  2 kobolds (D:10)
22 creatures vanquished.

Vanquished Creatures (others)
  An orc knight (D:9)
  An orc warrior (D:9)
  3 orc priests (D:11)
  11 orcs
16 creatures vanquished.

Grand Total: 268 creatures vanquished

Notes
Turn   | Place    | Note
-------+----------+-------------------------------------------
     0 | D:1      | gobwax the Hill Orc Fighter began the quest for the Orb.
     0 | D:1      | Reached XP level 1. HP: 19/19 MP: 1/1
    31 | D:1      | Reached skill level 3 in Axes
    95 | D:1      | Reached XP level 2. HP: 18/26 MP: 2/2
   272 | D:1      | Reached skill level 4 in Axes
   724 | D:2      | Reached XP level 3. HP: 28/31 MP: 3/3
   764 | D:2      | Found a snail-covered altar of Cheibriados.
   772 | D:2      | Reached skill level 5 in Axes
  1007 | D:2      | Reached XP level 4. HP: 35/39 MP: 4/4
  1329 | D:3      | Reached skill level 6 in Axes
  1350 | D:3      | Became a worshipper of Beogh the Brigand
  1560 | D:3      | Found a sparkling altar of Nemelex Xobeh.
  1577 | D:3      | Noticed Grinder
  1592 | D:3      | Killed Grinder
  1592 | D:3      | Reached skill level 8 in Axes
  1592 | D:3      | Reached XP level 5. HP: 7/45 MP: 5/5
  1592 | D:3      | Reached XP level 6. HP: 9/51 MP: 6/6
  1890 | D:3      | Reached skill level 9 in Axes
  2372 | D:4      | Reached * piety under Beogh
  2730 | D:4      | Reached XP level 7. HP: 51/57 MP: 5/7
  2905 | D:4      | Reached skill level 10 in Axes
  3063 | D:5      | Entered Level 5 of the Dungeon
  3427 | D:5      | Found a hazy altar of Hepliaklqana.
  3428 | D:5      | Found a shimmering altar of Xom.
  3429 | D:5      | Noticed a spectral ugly thing
  3481 | D:5      | Got a polished leather armour
  3492 | D:5      | Identified the +0 leather armour "Esoigru" {Regen+ Int-4 Slay+4} (You found it on level 5 of the Dungeon)
  3520 | D:5      | Reached skill level 11 in Axes
  3673 | D:5      | Reached XP level 8. HP: 64/64 MP: 8/8
  3832 | D:5      | Reached skill level 12 in Axes
  3833 | D:5      | Reached ** piety under Beogh
  3888 | D:5      | Found a burning altar of Makhleb.
  3924 | D:5      | Found a staircase to the Ecumenical Temple.
  4574 | D:6      | Noticed KobiteSteele's ghost (novice HuWn)
  4584 | D:6      | Gained mutation: Your flesh is cold resistant. (rC+) [potion of mutation]
  4584 | D:6      | Gained mutation: Scrolls take you a little longer to read. [potion of mutation]
  4584 | D:6      | Gained mutation: You have sharp fingernails. [potion of mutation]
  4584 | D:6      | Gained mutation: You have a pair of small horns on your head. [potion of mutation]
  4594 | D:6      | Killed KobiteSteele's ghost
  4594 | D:6      | Reached skill level 13 in Axes
  4630 | D:6      | Found Joabburi's Assorted Antiques.
  4639 | D:6      | Reached skill level 14 in Axes
  4639 | D:6      | Reached XP level 9. HP: 59/70 MP: 7/9
  4660 | D:6      | Bought a thin ruby amulet for 120 gold pieces
  4884 | D:7      | Gained mutation: You are agile. (Dex +2) [mutagenic meat]
  4885 | D:7      | Gained mutation: You are partially covered in iridescent scales. (AC +2) [mutagenic meat]
  4887 | D:7      | Gained mutation: You can translocate small distances at will. [mutagenic meat]
  4911 | D:7      | Reached skill level 15 in Axes
  4912 | D:7      | Reached *** piety under Beogh
  5013 | D:7      | Found Mynuphue's Antique Weapon Emporium.
  5293 | D:7      | Reached skill level 16 in Axes
  5429 | D:7      | Lost mutation: You have a pair of small horns on your head. [potion of mutation]
  5429 | D:7      | Lost mutation: Your flesh is cold resistant. (rC+) [potion of mutation]
  5429 | D:7      | Lost mutation: You are agile. (Dex +2) [potion of mutation]
  5429 | D:7      | Lost mutation: Scrolls take you a little longer to read. [potion of mutation]
  5429 | D:7      | Lost mutation: You can translocate small distances at will. [potion of mutation]
  5429 | D:7      | Gained mutation: You are agile. (Dex +2) [potion of mutation]
  5429 | D:7      | Gained mutation: You have supernaturally acute eyesight. (SInv) [potion of mutation]
  5471 | D:7      | Bought a runed battleaxe for 209 gold pieces
  5920 | D:8      | Reached XP level 10. HP: 49/77 MP: 10/10
  5962 | D:8      | Found a bloodstained altar of Trog.
  6049 | D:8      | Reached skill level 17 in Axes
  6160 | D:8      | Found an ancient bone altar of Kikubaaqudgha.
  6240 | D:8      | Noticed a two-headed ogre
  6249 | D:8      | Killed a two-headed ogre
  6266 | D:8      | Reached **** piety under Beogh
  6656 | D:8      | Reached skill level 18 in Axes
  6678 | D:8      | Noticed a two-headed hydra
  6685 | D:8      | Killed a three-headed hydra
  6954 | D:9      | Reached skill level 1 in Invocations
  7032 | D:9      | Reached skill level 19 in Axes
  7048 | D:9      | Noticed a two-headed ogre
  7064 | D:9      | Killed a two-headed ogre
  7064 | D:9      | Reached XP level 11. HP: 21/82 MP: 10/12
  7346 | D:9      | Got an ancient scale mail
  7357 | D:9      | Identified the +1 scale mail of the Abyss {MR+++ rCorr Int-3 Dex-4} (You found it on level 9 of the Dungeon)
  7602 | D:10     | Entered Level 10 of the Dungeon
  7917 | D:10     | Got a fine golden ring
  7946 | D:10     | Identified the ring "Biujept" {Fire +Inv rElec Str+5} (You found it on level 10 of the Dungeon)
  8489 | D:11     | Noticed a red ugly thing
  8495 | D:11     | Killed a red ugly thing
  8495 | D:11     | Reached skill level 20 in Axes
  8499 | D:11     | Gained mutation: You possess an exceptional clarity of mind. [mutagenic meat]
  8501 | D:11     | Gained mutation: Your muscles are strong. (Str +2) [mutagenic meat]
  8614 | D:11     | Noticed a five-headed hydra
  8644 | D:11     | Killed a six-headed hydra
  8900 | D:11     | Reached ***** piety under Beogh
  8912 | D:11     | Noticed a purple ugly thing
  8918 | D:11     | Killed a purple ugly thing
  8951 | D:11     | Found a staircase to the Lair.
  8978 | D:11     | Noticed Urug
  8995 | D:11     | Hit by a javelin thrown by Urug

Skill      XL: |  1  2  3  4  5  6  7  8  9 10 11 |
---------------+----------------------------------+-----
Axes           | 3 4 5 8 9 11 14 16 19 20 | 20.8
Invocations    | 1 2 |  2.9
Fighting       | |  3.6
Armour         | |  3.2
Shields        | |  3.2

Action                   |  1- 3 |  4- 6 |  7- 9 | 10-12 || total
-------------------------+-------+-------+-------+-------++-------
Melee: War axe           |   108 |   144 |   219 |       ||   471
       Headbutt          |       |       |    26 |       ||    26
       Battleaxe         |       |       |    33 |   184 ||   217
Invok: Convert to Beogh  |       |     1 |       |       ||     1
       Smiting           |       |       |     1 |     3 ||     4
       Recall Orcish Fol |       |       |       |     3 ||     3
  Use: Potion            |       |     1 |    10 |       ||    11
       Scroll            |       |       |     2 |     6 ||     8
 Stab: Invisible         |       |       |     2 |       ||     2
       Distracted        |       |       |       |     1 ||     1
  Eat: Chunk             |     1 |     3 |    15 |    11 ||    30
       Fruit             |       |     1 |       |     1 ||     2
       Royal jelly       |       |       |     1 |       ||     1
Armor: Scale mail        |    53 |    64 |    17 |       ||   134
       Leather armour    |       |       |    56 |    63 ||   119
Dodge: Dodged            |    36 |    44 |    84 |    89 ||   253
Block: Shield            |    62 |    64 |    94 |       ||   220
